Map: Emerald City LE

Players

Luffy

  • Race: Zerg Zerg
  • Spawn Location: 5:00

Ragnulf

  • Race: Protoss Protoss
  • Spawn Location: 5:00

Massa - Winner!

  • Race: Terran Terran
  • League: Platinum
  • Spawn Location: 11:00

qqq - Winner!

  • Race: Zerg Zerg
  • Spawn Location: 11:00

VOD

Have the link to the VOD?

Description

Time

  • Played on: Oct. 11, 2020, 3:22 p.m.
  • Length: 12:12
Show
View Real Time Build Order
Export as new Build Order

Luffy Zerg 

Build Orders: Hatch First, Muta Ling Bane 

Get SALT Encoding   

  12  0:00  Drone  
  13  0:12  Overlord  
  13  0:17  Drone  
  14  0:30  Drone x2  
  14  0:34  Drone  
  17  0:53  Hatchery  
  17  0:56  Drone  
  17  0:59  Extractor  
  17  1:01  Drone  
  17  1:16  Spawning Pool  
  16  1:22  Drone  
  16  1:23  Drone  
  18  1:33  Drone  
  19  1:42  Overlord  
  19  2:03  Metabolic Boost  
  19  2:04  Queen  
  19  2:06  Queen  
  23  2:14  Zergling x6  
  26  2:17  Zergling x2  
  26  2:20  Zergling x2  
  28  2:29  Zergling x2  
  29  2:31  Zergling x2  
  30  2:40  Drone  
  30  2:41  Drone  
  31  3:10  Drone x4  
  35  3:22  Hatchery  
  34  3:28  Lair  
  34  3:31  Extractor  
  33  3:34  Roach Warren  
  32  3:43  Drone x3  
  32  3:46  Overlord  
  32  3:47  Overlord  
  33  4:03  Zergling x2  
  33  4:04  Zergling x4  
  33  4:05  Zergling x4  
  38  4:12  Zergling x2  
  39  4:19  Roach x2  
  43  4:27  Roach  
  43  4:28  Roach x3  
  51  4:34  Overlord x2  
  51  4:59  Roach  
  63  5:00  Roach x5  
  63  5:12  Roach x3  
  49  5:21  Roach  
  49  5:22  Roach  
  49  5:27  Roach  
  49  5:44  Drone x7  
  56  5:55  Drone x2  
  58  6:08  Drone  
  58  6:09  Drone x4  
  63  6:14  Queen  
  65  6:23  Extractor  
  65  6:24  Extractor  
  63  6:25  Spore Crawler  
  63  6:29  Spore Crawler  
  63  6:30  Glial Reconstitution  
  63  6:32  Drone x4  
  65  6:33  Drone  
  66  6:52  Overlord x3  
  66  6:56  Overlord x2  
  66  7:00  Spire  
  65  7:09  Drone  
  65  7:10  Drone x5  
  65  7:13  Extractor x2  
  65  7:14  Spore Crawler  
  68  7:20  Overseer  
  68  7:29  Overlord x3  
  68  7:40  Drone  
  68  7:41  Drone x8  
  77  8:00  Drone  
  77  8:01  Drone x4  
  82  8:12  Mutalisk  
  82  8:13  Mutalisk x6  
  82  8:18  Zerg Flyer Weapons Level 1  
  96  8:27  Mutalisk  
  96  8:28  Mutalisk x2  
  96  8:29  Mutalisk  
  96  8:33  Drone  
  105  8:34  Drone x2  
  107  8:54  Mutalisk  
  107  8:55  Mutalisk x3  
  109  8:57  Hatchery  
  114  9:04  Zergling x4  
  114  9:05  Zergling x10, Baneling Nest  
  114  9:08  Overseer  
  120  9:20  Zergling x4  
  122  9:53  Centrifical Hooks  
  122  9:55  Baneling  
  122  9:56  Baneling x17  
  120  10:11  Zergling x2  
  120  10:12  Zergling x18  
  73  10:34  Baneling  
  73  10:35  Baneling x10  
  66  10:42  Zergling x2  
  61  10:43  Zergling x12  
  61  10:44  Baneling x6  
  61  10:45  Baneling  
  41  11:11  Zergling x6  
  41  11:12  Zergling x10  
Show
View Real Time Build Order
Export as new Build Order

Ragnulf Protoss 

Build Orders: Proxy Void Ray 

Get SALT Encoding   

  12  0:01  Probe  
  13  0:16  Pylon  
  13  0:17  Probe  
  14  0:24  Assimilator  
  14  0:37  Gateway  
  14  0:47  Probe  
  15  0:58  Assimilator  
  15  0:59  Probe (Chrono Boost)  
  16  1:10  Probe (Chrono Boost)  
  17  1:15  Probe (Chrono Boost)  
  18  1:26  Probe  
  18  1:28  Cybernetics Core  
  19  1:37  Pylon  
  19  1:38  Probe  
  20  2:12  Stargate  
  20  2:16  Stargate  
  20  2:18  Shield Battery  
  20  2:27  Shield Battery  
  20  2:28  Shield Battery  
  20  2:38  Pylon  
  20  2:52  Void Ray x2 (Chrono Boost)  
  28  3:09  Shield Battery  
  28  3:20  Void Ray (Chrono Boost)  
  32  3:53  Void Ray  
  36  4:47  Pylon  
  36  4:49  Pylon  
  36  4:59  Void Ray  
  40  5:09  Void Ray  
  36  5:57  Probe  
  37  6:10  Probe  
  38  6:17  Nexus  
  38  6:18  Pylon  
  38  6:19  Pylon  
  38  6:22  Probe, Phoenix  
  38  6:24  Nexus  
  41  6:34  Probe, Pylon  
  42  6:46  Probe  
  43  6:49  Protoss Air Weapons Level 1  
  43  7:03  Phoenix x2  
  47  7:11  Forge  
  47  7:28  Phoenix x2  
  51  7:40  Probe x3  
  54  7:52  Probe x3  
  57  7:59  Pylon  
  57  8:06  Phoenix  
  59  8:13  Shield Battery  
  59  8:20  Probe  
  59  8:21  Probe x2  
  62  8:32  Probe  
  63  8:43  Warp Gate  
  63  8:46  Probe x2  
  63  8:47  Probe  
  66  8:52  Assimilator  
  66  8:58  Probe  
  66  8:59  Probe x2  
  60  9:10  Probe  
  60  9:11  Probe  
  58  9:31  Stargate  
  58  9:33  Stargate  
  58  9:34  Stalker  
  58  9:35  Stargate  
  58  9:37  Gateway  
  60  9:39  Probe x2, Gateway  
  60  9:40  Probe  
  60  9:41  Gateway  
  63  9:51  Probe x2, Assimilator  
  63  9:52  Probe  
  66  10:03  Probe  
  66  10:04  Probe x2  
  68  10:15  Probe  
  59  10:46  Stalker x3  
  59  10:47  Stalker  
  92  10:50  Phoenix x3  
  67  11:14  Phoenix  
  45  11:39  Stalker  
  43  11:40  Stalker x3  
  43  11:43  Phoenix x3  
  26  12:04  Stalker x4  
Show
View Real Time Build Order
Export as new Build Order

Massa Terran - Winner!

Build Orders: Gas First Reaper Expand 

Get SALT Encoding   

  12  0:00  SCV  
  13  0:12  SCV  
  14  0:22  Supply Depot  
  14  0:25  SCV  
  15  0:31  Refinery  
  15  0:44  SCV  
  15  0:47  Barracks  
  16  0:56  SCV  
  17  1:08  SCV  
  18  1:20  SCV  
  19  1:34  Reaper  
  19  1:35  Orbital Command  
  20  1:45  Command Center  
  21  2:01  SCV  
  21  2:06  Marine  
  22  2:14  Factory  
  22  2:18  Supply Depot  
  22  2:30  Barracks Reactor  
  22  2:32  Refinery  
  22  2:34  SCV, Engineering Bay  
  23  2:46  SCV  
  24  3:06  Widow Mine, Marine  
  24  3:07  Marine  
  24  3:12  Orbital Command  
  28  3:14  Supply Depot  
  28  3:16  SCV  
  29  3:24  Marine x2  
  31  3:27  Widow Mine  
  31  3:28  Starport, SCV  
  34  3:40  Supply Depot  
  33  3:49  Supply Depot  
  33  4:01  SCV x2  
  35  4:06  Marine x2  
  37  4:10  Factory Tech Lab  
  37  4:13  SCV x2  
  39  4:24  Marine x2, Viking  
  39  4:25  SCV x2  
  39  4:30  Missile Turret  
  45  4:34  Missile Turret  
  45  4:39  Cyclone  
  45  4:42  Marine x2  
  50  4:54  Viking  
  50  5:14  Marine x2  
  52  5:22  Barracks  
  52  5:28  Missile Turret  
  52  5:30  Missile Turret  
  52  5:32  Sensor Tower, Marine x2  
  52  5:33  SCV x2  
  56  5:36  Cyclone  
  59  5:45  SCV x2  
  61  5:50  Marine x2  
  63  5:57  SCV x2  
  65  6:08  Widow Mine, Marine x2  
  67  6:25  Refinery  
  67  6:26  Marine  
  67  6:29  Widow Mine  
  67  6:30  Supply Depot  
  67  6:32  Supply Depot  
  70  6:35  Barracks Tech Lab  
  70  6:39  Barracks, Starport Reactor  
  70  6:45  Factory  
  70  6:51  Cyclone  
  73  6:57  Supply Depot  
  73  7:01  Marine x2  
  73  7:04  Marauder  
  73  7:05  Stimpack  
  77  7:18  Terran Infantry Weapons Level 1  
  77  7:19  Marine x2  
  77  7:20  Viking x2  
  83  7:25  Marauder  
  85  7:33  Refinery  
  85  7:34  Factory Tech Lab  
  85  7:35  Barracks Reactor  
  85  7:36  Marine  
  85  7:37  Marine  
  87  7:50  Viking x2  
  91  8:05  Siege Tank  
  94  8:18  Supply Depot  
  94  8:19  Supply Depot  
  94  8:20  Supply Depot  
  94  8:22  Missile Turret  
  94  8:23  Supply Depot  
  94  8:24  Missile Turret  
  94  8:26  Missile Turret  
  94  8:39  Marine x2  
  94  8:40  Marauder  
  98  8:43  Viking x2  
  98  8:44  Combat Shield  
  102  8:57  Marine x2  
  102  9:01  Marauder  
  98  9:15  Marine  
  99  9:38  Marauder, Marine  
  101  9:39  Marine x3  
  105  9:56  Marine x4  
  105  9:59  Marauder  
  107  10:14  Marine x4  
  106  10:21  Marauder  
  92  10:32  Marine x4  
  96  10:42  Marauder  
  98  10:44  Siege Tank x2  
  98  10:49  Marine  
  103  10:50  Marine x3  
  107  11:03  Marauder  
  101  11:07  Marine  
  101  11:08  Marine x3  
  102  11:16  Siege Tank  
  100  11:25  Marauder, Marine x4  
  92  11:46  Marauder  
Show
View Real Time Build Order
Export as new Build Order

qqq Zerg - Winner!

Build Orders: Hatch First, Lurkers 

Get SALT Encoding   

  12  0:03  Drone  
  13  0:08  Drone  
  14  0:37  Hatchery  
  13  0:43  Drone  
  14  0:55  Spawning Pool  
  13  1:02  Overlord  
  13  1:08  Drone  
  14  1:15  Extractor  
  14  1:16  Drone  
  14  1:22  Drone  
  14  1:25  Drone  
  16  1:42  Queen  
  18  1:50  Queen  
  20  1:55  Drone  
  21  2:05  Spine Crawler  
  20  2:09  Drone  
  20  2:11  Drone  
  22  2:16  Drone  
  23  2:24  Metabolic Boost  
  23  2:30  Drone  
  23  2:36  Overlord  
  24  2:38  Drone  
  25  2:45  Drone x2  
  25  2:49  Zergling x2  
  28  2:54  Overlord  
  28  2:57  Zergling x2  
  29  3:00  Zergling x2  
  30  3:06  Baneling Nest  
  30  3:09  Drone  
  30  3:13  Zergling x2  
  30  3:14  Zergling x2  
  30  3:17  Zergling x2  
  30  3:19  Zergling x2  
  34  3:23  Drone  
  34  3:25  Zergling x2  
  36  3:31  Zergling x2  
  36  3:33  Zergling x2  
  39  3:34  Zergling x2  
  39  3:37  Zergling x2  
  39  3:39  Drone  
  41  3:45  Overlord  
  41  3:47  Zergling x2  
  42  3:51  Baneling x2  
  42  3:59  Baneling x3  
  42  4:04  Zergling x4  
  42  4:05  Drone x2, Zergling x2  
  47  4:13  Spore Crawler  
  46  4:19  Spore Crawler  
  36  4:25  Spore Crawler  
  36  4:28  Zergling x2  
  36  4:29  Zergling x2  
  36  4:41  Lair  
  35  4:48  Baneling x2  
  35  4:55  Drone  
  35  4:56  Drone x3  
  29  5:19  Drone x3  
  28  5:29  Overlord x2  
  28  5:31  Extractor  
  28  5:32  Drone, Extractor  
  25  5:50  Drone  
  25  6:07  Spawning Pool  
  25  6:10  Drone  
  25  6:11  Drone x2  
  27  6:19  Drone x3  
  27  6:21  Drone  
  27  6:22  Drone x2  
  33  6:30  Hydralisk Den  
  32  6:33  Drone  
  32  6:36  Drone  
  34  6:45  Overlord  
  34  6:46  Drone  
  35  7:04  Hatchery  
  35  7:06  Hydralisk  
  35  7:08  Lurker Den  
  35  7:09  Drone x2  
  35  7:14  Extractor  
  36  7:16  Spore Crawler x2  
  36  7:21  Drone  
  36  7:22  Hydralisk  
  35  7:23  Hydralisk  
  35  7:27  Hydralisk  
  41  7:31  Queen  
  41  7:33  Hydralisk  
  41  7:35  Drone  
  46  7:41  Drone  
  46  7:44  Hydralisk  
  47  7:51  Muscular Augments  
  49  7:56  Drone  
  49  7:57  Hydralisk  
  52  8:01  Drone  
  53  8:07  Lurker  
  53  8:09  Hydralisk  
  53  8:11  Drone  
  57  8:22  Hydralisk  
  57  8:23  Hydralisk  
  61  8:31  Hydralisk x2  
  61  8:33  Drone  
  66  8:34  Drone  
  66  8:36  Drone  
  68  8:47  Hydralisk x2  
  72  8:49  Drone x2  
  72  8:52  Lurker  
  75  9:16  Drone x3  
  78  9:27  Lurker x4  
  78  9:29  Overlord  
  78  9:30  Overlord x2  
  82  9:39  Hatchery  
  82  9:40  Drone  
  82  9:47  Infestation Pit  
  82  9:48  Drone x2  
  82  9:50  Hydralisk x3  
  89  9:54  Hydralisk  
  89  9:55  Drone x2  
  89  9:59  Spore Crawler  
  92  10:20  Hydralisk x4  
  92  10:21  Hydralisk x2  
  88  10:22  Drone x2  
  88  10:23  Drone  
  91  11:03  Hydralisk  
  91  11:04  Hydralisk x5  
  83  11:05  Drone x2  
  83  11:06  Drone  
  83  11:08  Drone  
  83  11:09  Drone  
  100  11:17  Hydralisk x2  
  104  11:20  Lurker  
  104  11:21  Drone x2  
  107  11:29  Hydralisk x2  
  111  11:37  Evolution Chamber  
  110  12:02  Hatchery  
Tags
 
Add a new tag
Caveats
  • Supply blocks, unpowered buildings, or Contaminate may cause inaccurate times.
  • Supply counts are checked every 10 seconds.